 Dungeon Crawl Stone Soup version 0.32-a0-913-g739538afd8 (webtiles) character file.

Game seed: 4796926011163420434

72035 DEFE the Severer (level 15, -2/109 (112) HPs)
             Began as a Coglin Fighter on Apr 8, 2024.
             Was a High Priest of Okawaru.
             Slain by a hellwing (9 damage)
             ... summoned by an orc high priest
             ... on level 2 of the Orcish Mines.
             The game lasted 00:19:56 (22665 turns).

DEFE the Severer (Coglin Fighter)                  Turns: 22665, Time: 00:19:57

HP:   -2/109 (112)  AC: 19    Str: 25    XL:     15   Next: 38%
MP:   24/24         EV:  8    Int: 11    God:    Okawaru [*****.]
Gold: 1907          SH:  0    Dex: 14    Spells: 14/14 levels left

rFire   + + .        z - +8 broad axe of Wondrous Power {flame, rN+ Str+2 Int+3}
rCold   . . .        t - +3 war axe (vamp) {Tawil}
rNeg    + . .        k - +2 plate armour {rF+}
rPois   +            (no helmet)
rElec   +            L - scarf {repulsion}
rCorr   +            f - +0 pair of gloves
SInv    .            Q - +1 pair of boots of the Fiend {Fly rElec}
Will    +....        (amulet unavailable) Stlth
                     (ring unavailable)
HPRegen 1.18/turn    (ring unavailable)
MPRegen 0.59/turn    c - tertiary geoscope {rPois rF+ Regen+ RegenMP+ rCorr}

%: repel missiles
@: lethally poisoned (-2 -> -2), about to teleport, heroic, finesse-ful, spiked,
flying, lightly drained, revving
A: off-hand wielding, slow wielding, warmup strikes, no jewellery
a: Renounce Religion, Heroism, Finesse, Duel


You were on level 2 of the Orcish Mines.
You worshipped Okawaru.
Okawaru was extremely pleased with you.
You visited 4 branches of the dungeon, and saw 21 of its levels.

You collected 2671 gold pieces.
You spent 764 gold pieces at shops.

Inventory:

Hand Weapons
 a - a +0 war axe of protection {Baqqanum}
 b - a +0 broad axe of protection
 o - a +0 hand axe {Suchat}
 t - a +3 vampiric war axe (offhand) {Tawil}
 z - the +8 broad axe of Wondrous Power (weapon) {flame, rN+ Str+2 Int+3}
   (Okawaru gifted it to you on level 5 of the Lair of Beasts)

   Str+2:     It affects your strength (+2).
   Int+3:     It affects your intelligence (+3).
   rN+:       It protects you from negative energy.
Missiles
 O - 3 curare-tipped darts (quivered)
Armour
 f - a +0 pair of gloves (worn)
 k - a +2 plate armour of fire resistance (worn)
 l - a +0 cloak
 H - a scarf of poison resistance
 L - a scarf of repulsion (worn)
 Q - the +1 pair of boots of the Fiend (worn) {Fly rElec}
   (Okawaru gifted it to you on level 5 of the Lair of Beasts)

   rElec:     It insulates you from electricity.
   Fly:       It grants you flight.
Gizmo
 c - a tertiary geoscope (installed) {rPois rF+ Regen+ RegenMP+ rCorr}
   (You invented it yourself on level 5 of the Lair of Beasts)

   [tertiary geoscope]

   rF+:       It protects you from fire.
   rPois:     It protects you from poison.
   Regen+:    It increases your rate of health regeneration.
   rCorr:     It protects you from acid and corrosion.
   RegenMP+:  It increases your rate of magic regeneration.
Wands
 p - a wand of warping (4)
 x - a wand of digging (6)
 J - a wand of mindburst (10)
 K - a wand of quicksilver (6)
 P - a wand of flame (4)
Scrolls
 g - 2 scrolls of poison
 i - 2 scrolls of immolation
 j - a scroll of silence
 n - 4 scrolls of teleportation
 q - 5 scrolls of fog
 s - 2 scrolls of revelation
 v - 3 scrolls of vulnerability
 w - 3 scrolls of amnesia
 y - 2 scrolls of noise
 D - 4 scrolls of enchant armour
 E - 2 scrolls of fear
 R - a scroll of enchant weapon
Potions
 d - 8 potions of might
 h - a potion of cancellation
 m - 7 potions of brilliance
 r - 2 potions of magic
 u - 3 potions of mutation
 A - 3 potions of attraction
 B - 2 potions of haste
 C - 8 potions of curing
 F - a potion of experience {unknown}
 G - a potion of invisibility {unknown}
 I - 4 potions of enlightenment {unknown}
 M - 2 potions of degeneration
 N - a potion of ambrosia
Miscellaneous
 S - a Gell's gravitambourine (2/2)


   Skills:
 + Level 8.6(13.6) Fighting
 + Level 17.9(22.9) Axes
 - Level 2.6(7.6) Armour
 - Level 2.1(7.1) Shields
 - Level 12.0 Invocations
 + Level 15.6 Evocations


You had 14 spell levels left.
You didn't know any spells.
Your spell library contained the following spells:

 Spells                   Type           Power      Damage    Failure   Level
 Necrotise                Necr           0%         1d4       99%         1
 Cigotuvi's Dreadful Rot  Necr/Alch/Air  0%         N/A       99%         2
 Ensorcelled Hibernation  Hex/Ice        0%         N/A       99%         2
 Lesser Beckoning         Tloc           0%         N/A       99%         2
 Dazzling Flash           Conj/Hex       0%         N/A       100%        3
 Fugue of the Fallen      Necr           0%         N/A       100%        3
 Maxwell's Portable Pile  Tloc           0%         2d(5-13)  100%        3
 Teleport Other           Tloc           0%         N/A       100%        3
 Vampiric Draining        Necr           0%         2d6       100%        3
 Anguish                  Hex/Necr       0%         N/A       100%        4
 Ignite Poison            Fire/Alch      0%         N/A       100%        4
 Curse of Agony           Necr           0%         N/A       100%        5
 Freezing Cloud           Conj/Ice/Air   0%         6-21      100%        5
 Iskenderun's Battlesphe  Conj           0%         2d6       100%        5
 Lee's Rapid Deconstruct  Erth           0%         3d4*      100%        5
 Bombard                  Conj/Erth      0%         9d1       100%        6
 Dispersal                Tloc           0%         N/A       100%        6
 Eringya's Noxious Bog    Alch           0%         4d6       100%        6
 Gell's Gavotte           Tloc           0%         2d(11-16) 100%        6
 Starburst                Conj/Fire      0%         6d3       100%        6
 Maxwell's Capacitive Co  Air            0%         ∞         100%        8
 Animate Armour           Summ/Erth      Unusable   N/A       N/A         4
 Martyr's Knell           Necr/Summ      Unusable   N/A       N/A         4
 Summon Lightning Spire   Summ/Air       Unusable   N/A       N/A         4
 Summon Forest            Summ/Tloc      Unusable   N/A       N/A         5
 Spellforged Servitor     Conj/Summ      Unusable   N/A       N/A         7
 Summon Hydra             Summ           Unusable   N/A       N/A         7

Dungeon Overview and Level Annotations

Branches:
Dungeon (13/15)            Temple (1/1) D:5            Lair (5/5) D:11
  Swamp (0/4) Lair:3       Spider (0/4) Lair:3        Slime (0/5) Lair:5
    Orc (2/2) D:9             Elf (0/3) Orc:2
 Vaults: D:13-14

Altars:
Ashenzari
Cheibriados
Dithmenos
Elyvilon
Fedhas
Gozag
Hepliaklqana
Kikubaaqudgha
Makhleb
Nemelex Xobeh
Okawaru
Qazlal
Ru
Sif Muna
Trog
Uskayaw
Vehumet
Wu Jian
Xom
Yredelemnul
Zin
The Shining One
Beogh

Shops:
D:2 ?   D:5 *   D:8 *   D:9 (:?   D:10 :   Orc:1 (   Orc:2 !?

Portals:
Trove: D:12 (give +6 demon trident)

Annotations:
D:9 3 runed translucent doors, Lanoc's ghost, journeyman CoGl


Innate Abilities, Weirdness & Mutations

You can wield a second weapon in your off-hand.
It takes a long time for you to wield or remove held weapons.
Your first few attacks do less damage.
You cannot equip rings or amulets.


Message History

The barbed spikes dig painfully into your body as you move.
The orc high priest shouts!
The orc sorcerer shouts! x2
The orc warrior misses you.
The orc sorcerer points at you and mumbles some strange words.
The bolt of negative energy hits you! You partially resist.
You feel drained.
The ice devil hits you but does no damage.
The orc high priest mumbles some strange prayers to Beogh.
The orc warrior hits you with a +0 glaive of venom!!
You are poisoned.
You hear a shout!
Things that are here:
a +0 dagger; a +2 robe of positive energy You are too injured to fight recklessly!
Unknown command.
You are too injured to fight recklessly!
Unknown command.
As you read the scroll of teleportation, it crumbles to dust.
You feel strangely unstable.
You feel sick.
The ice devil hits you but does no damage.
The orc warrior barely misses you.
The orc sorcerer hits you with a +0 dagger.
* * * LOW HITPOINT WARNING * * *
The hellwing swoops through the air toward you!
The hellwing hits you!
* * * LOW HITPOINT WARNING * * *
The hellwing hits you but does no damage.
The smoke demon gestures at you. Beogh smites you!
* * * LOW HITPOINT WARNING * * *
Unknown command.
You feel much better.
You feel sick.
The orc warrior hits you with a +0 glaive of venom.
* * * LOW HITPOINT WARNING * * *
The orc sorcerer hits you but does no damage.
The orc sorcerer mumbles some strange words.
The ice devil hits you but does no damage.
The orc high priest hits you from afar with a +0 glaive!
* * * LOW HITPOINT WARNING * * *
The hellwing hits you!
You die...

#### ## ### ##..## ##.#
##.####....# ##...#
#...##....###
#....§###.......##<##
##.#..o#.###.....##...##
#..3.o4@..###........##.
...#o#o#4).###..)....#..
.oo##...###.....#...
#..#o ##)).###..).....
#..### ##.).###...)... #
#..# ##.#.###))).#. ###
..# ##...###..#.. ..##
#. ##.#.###...... )..##
##...###.......


You could see an orc high priest (strong), a hellwing (summoned), an ice devil,
a smoke demon (summoned), 3 orc sorcerers, 2 orc warriors and an orc priest
(strong).

Vanquished Creatures
  Gastronok (Lair:3)
  Kirke (D:13)
  3 catoblepae (Lair:5)
  2 hydras (Lair:5)
  5 boulder beetles
  13 death yaks (Lair:5)
  3 two-headed ogres
  Urug (Lair:4)
  A sun demon (Orc:2)
  Sonja (Lair:4)
  2 skysharks
  A bog body (Lair:3)
  4 orc knights (Orc:2)
  A lindwurm (Lair:3)
  A harpy (shapeshifter) (D:13)
  A deep elf pyromancer (D:13)
  4 cyclopes
  3 manticores
  4 orc sorcerers
  2 kobold blastminers (Orc:2)
  A rust devil (Orc:2)
  7 elephants
  2 gargoyles
  7 cane toads
  An efreet (D:13)
  2 kobold demonologists
  4 rime drakes
  10 komodo dragons
  8 trolls
  2 polar bears
  38 blink frogs
  3 jumping spiders (Lair:3)
  6 dream sheep (Lair:5)
  5 slime creatures (D:13)
  3 wraiths
  50 yaks
  2 culicivoras (Lair:3)
  A ynoxinul (Orc:2)
  6 wyverns
  5 hogs (D:13)
  A human (D:13)
  2 basilisks
  4 redbacks (Lair:3)
  4 wargs
  6 vampire mosquitoes (D:12)
  An acid dragon (D:12)
  18 water moccasins
  16 orc warriors
  An ice beast (D:5)
  A sky beast (D:6)
  2 laughing skulls (D:13)
  An ogre (Orc:2)
  27 wolves
  3 centaurs
  A phantom (D:6)
  13 bullfrogs
  3 gnoll sergeants
  5 scorpions
  7 wights (D:7)
  5 howler monkeys
  9 electric eels
  4 jellies
  5 hounds
  26 orc priests
  3 gnoll boudas
  A sleepcap (D:6)
  2 iguanas
  25 orc wizards
  32 gnolls
  6 adders
  3 white imps
  2 ufetubi (D:6)
  A dart slug (D:2)
  2 ribbon worms
  48 orcs
  9 endoplasms
  4 giant cockroaches
  5 goblins
  7 hobgoblins
  12 jackals (D:3)
  3 quokkas
  2 ball pythons (D:1)
  2 bats (D:2)
  4 frilled lizards
  7 kobolds
  9 rats
  A butterfly (Lair:1)
572 creatures vanquished.

Notes
Turn   | Place    | Note
-------+----------+-------------------------------------------
     0 | D:1      | DEFE the Coglin Fighter began the quest for the Orb.
     0 | D:1      | Reached XP level 1. HP: 18/18 MP: 1/1
     6 | D:1      | Noticed an anaconda
     6 | D:1      | Noticed a boulder beetle
     6 | D:1      | Noticed a lindwurm
     7 | D:1      | Noticed an iguana
     7 | D:1      | Noticed a hound
   230 | D:1      | Reached XP level 2. HP: 23/24 MP: 2/2
   465 | D:1      | Reached skill level 3 in Axes
   867 | D:1      | Reached XP level 3. HP: 24/29 MP: 3/3
  1191 | D:2      | Found Wiury's Magic Scroll Boutique.
  1208 | D:2      | Bought a scroll of identify for 28 gold pieces
  1208 | D:2      | Bought a scroll of identify for 28 gold pieces
  1680 | D:3      | Reached skill level 4 in Axes
  1692 | D:3      | Reached XP level 4. HP: 32/35 MP: 4/4
  1777 | D:3      | Found a bloodstained altar of Trog.
  1777 | D:3      | Found a sparkling altar of Nemelex Xobeh.
  2052 | D:3      | Found a burning altar of Makhleb.
  2053 | D:3      | Found a blossoming altar of Fedhas.
  2662 | D:4      | Noticed a scorpion
  2669 | D:4      | Killed a scorpion
  2670 | D:4      | Reached skill level 5 in Axes
  2670 | D:4      | Reached XP level 5. HP: 41/41 MP: 5/5
  2757 | D:4      | Reached skill level 6 in Axes
  2773 | D:4      | Reached XP level 6. HP: 47/47 MP: 6/6
  3378 | D:4      | Reached skill level 7 in Axes
  3409 | D:5      | Entered Level 5 of the Dungeon
  3431 | D:5      | Reached XP level 7. HP: 51/52 MP: 7/7
  3543 | D:5      | Reached skill level 8 in Axes
  3549 | D:5      | HP: 3/78 [gnoll/+0 halberd (3)]
  3888 | D:5      | Found a staircase to the Ecumenical Temple.
  3907 | Temple   | Entered the Ecumenical Temple
  3913 | Temple   | Became a worshipper of Warmaster Okawaru
  4118 | D:5      | Reached XP level 8. HP: 53/58 MP: 8/8
  4121 | D:5      | Reached skill level 1 in Invocations
  4176 | D:5      | Found Cymairuu's General Store.
  4641 | D:6      | Reached skill level 9 in Axes
  4993 | D:6      | Reached * piety under Okawaru
  5592 | D:7      | Reached skill level 10 in Axes
  5596 | D:7      | Reached XP level 9. HP: 63/63 MP: 8/12
  6190 | D:8      | Reached ** piety under Okawaru
  6238 | D:8      | Reached skill level 5 in Invocations
  6255 | D:8      | Reached skill level 11 in Axes
  6590 | D:8      | Found Sunagiso's Serpentskin Sales.
  6600 | D:8      | Reached *** piety under Okawaru
  6747 | D:8      | Bought a scarf of poison resistance for 108 gold pieces
  6956 | D:9      | Identified the +0 robe of Saileeceo {^Contam rElec SInv
                  | Archmagi}
  6959 | D:9      | Noticed a two-headed ogre
  6969 | D:9      | Killed a two-headed ogre
  6970 | D:9      | Reached XP level 10. HP: 69/70 MP: 11/14
  6989 | D:9      | Found Lirhich's Antique Weapon Shop.
  7001 | D:9      | Found Efreihit's Book Shoppe.
  7077 | D:9      | Found a runed translucent gate.
  7077 | D:9      | Found a runed translucent gate.
  7077 | D:9      | Found a runed translucent gate.
  7092 | D:9      | Reached skill level 12 in Axes
  7130 | D:9      | Noticed Lanoc's ghost (journeyman CoGl)
  7230 | D:9      | Found a staircase to the Orcish Mines.
  7266 | D:9      | Noticed a kobold demonologist
  7276 | D:9      | Killed a kobold demonologist
  7535 | D:9      | Found Dasockium's Magic Scroll Emporium.
  7594 | D:10     | Entered Level 10 of the Dungeon
  7796 | D:10     | Reached **** piety under Okawaru
  7822 | D:10     | Reached skill level 13 in Axes
  7837 | D:10     | Reached XP level 11. HP: 67/75 MP: 14/17
  8301 | D:10     | Found Afufiod's Self-Published Books.
  8488 | D:11     | Noticed a boulder beetle
  8514 | D:11     | Killed a boulder beetle
  8650 | D:11     | Noticed a cyclops
  8662 | D:11     | Reached skill level 1 in Evocations
  8667 | D:11     | Killed a cyclops
  8667 | D:11     | Reached ***** piety under Okawaru
  9572 | D:11     | Found a staircase to the Lair.
  9811 | D:11     | Noticed a boulder beetle
  9850 | D:11     | Killed a boulder beetle
 10784 | D:12     | Received a gift from Okawaru
 10853 | D:12     | Noticed a cyclops
 10866 | D:12     | Killed a cyclops
 10867 | D:12     | Reached skill level 14 in Axes
 11051 | D:12     | Noticed a cyclops
 11059 | D:12     | Killed a cyclops
 11062 | D:12     | Reached skill level 5 in Evocations
 11241 | Lair:1   | Entered Level 1 of the Lair of Beasts
 11376 | Lair:1   | Reached XP level 12. HP: 77/81 MP: 19/19
 11752 | Lair:1   | Received a gift from Okawaru
 11985 | Lair:1   | Reached skill level 10 in Invocations
 13467 | Lair:2   | Noticed a skyshark
 13479 | Lair:2   | Killed a skyshark
 14050 | Lair:3   | Reached skill level 15 in Axes
 14384 | D:5      | Bought a +2 plate armour of fire resistance for 600 gold
                  | pieces
 14752 | Lair:3   | Found a staircase to the Swamp.
 14762 | Lair:3   | Received a gift from Okawaru
 14852 | Lair:3   | Reached XP level 13. HP: 80/86 MP: 18/21
 14898 | Lair:3   | Found a hole to the Spider Nest.
 14995 | Lair:3   | Reached skill level 10 in Evocations
 15110 | Lair:3   | Noticed Gastronok
 15131 | Lair:3   | Killed Gastronok
 15368 | Lair:3   | Received a gift from Okawaru
 16413 | Lair:4   | Received a gift from Okawaru
 16416 | Lair:4   | Reached skill level 16 in Axes
 16615 | Lair:4   | Noticed Sonja
 16621 | Lair:4   | Killed Sonja
 16622 | Lair:4   | HP: 4/81 [poisoned by Sonja (curare-tipped dart)]
 16992 | Lair:4   | Noticed Urug
 17001 | Lair:4   | Killed Urug
 17510 | Lair:5   | Entered Level 5 of the Lair of Beasts
 18397 | Lair:5   | Reached XP level 14. HP: 92/93 MP: 23/23
 18397 | Lair:5   | Acquired a tertiary geoscope {rPois rF+ Regen+ RegenMP+
                  | rCorr}
 18616 | Lair:5   | Reached ****** piety under Okawaru
 18624 | Lair:5   | Reached skill level 5 in Fighting
 18710 | Lair:5   | Received a gift from Okawaru
 18718 | Lair:5   | Acquired the +8 broad axe of Wondrous Power {flame, rN+
                  | Str+2 Int+3}
 18718 | Lair:5   | Received a gift from Okawaru
 18808 | Lair:5   | Acquired the +1 pair of boots of the Fiend {Fly rElec}
 18808 | Lair:5   | Received a gift from Okawaru
 18876 | Lair:5   | Found a staircase to the Slime Pits.
 18916 | Lair:5   | Reached skill level 17 in Axes
 19347 | Lair:5   | Received a gift from Okawaru
 19359 | Lair:5   | HP: 4/100 [death yak (6)]
 20113 | D:12     | Received a gift from Okawaru
 20361 | D:12     | Identified the +2 helmet "Haduhaso" {rElec rF- rN+++ Str-4}
 20611 | D:12     | Found a portal to a secret trove of treasure.
 20949 | D:13     | Noticed Kirke
 20957 | D:13     | Reached XP level 15. HP: 108/108 MP: 24/24
 20961 | D:13     | Noticed a sphinx
 20963 | D:13     | Killed Kirke
 21250 | D:13     | Identified a scroll of acquirement
 21250 | D:13     | Acquired 1053 gold pieces
 21501 | D:13     | Reached skill level 15 in Evocations
 21515 | D:13     | Received a gift from Okawaru
 21795 | Orc:1    | Entered Level 1 of the Orcish Mines
 21795 | Orc:1    | Found Uxkiehi's Antique Weapon Shoppe.
 21945 | Orc:2    | Entered Level 2 of the Orcish Mines
 22010 | Orc:2    | Found Ceexkoant's Magic Scroll Emporium.
 22011 | Orc:2    | Found Pozitev's Distillery.
 22317 | Orc:2    | Found a staircase to the Elven Halls.
 22367 | Orc:2    | Found a roughly hewn altar of Beogh.
 22664 | Orc:2    | HP: 3/109 [smoke demon/divine providence[an orc high
                  | priest] (12)]
 22665 | Orc:2    | Slain by a hellwing

Illustrated notes

Levels and vault maps discovered:
D:1:      onia_arrival_zoo_common, layout_basic
D:2:      layout_rooms, serial_shops, shop
D:3:      minmay_evil_eye, layout_loops_corners,
          gammafunk_temple_overflow_statue, nicolae_overflow_two_pavilions
D:4:      layout_loops_ring, amcnicky_mini_pool_small
D:5:      layout_cave_pods, minmay_temple_entry_slanted, serial_shops,
          nicolae_shop_crystal
D:6:      layout_cave_pools
D:7:      layout_loops_ring
D:8:      layout_cave_pools, guppyfry_shop_venom
D:9:      layout_cave_pools, minmay_orc_entry_guard_dogs, serial_shops,
          nicolae_lakefront_shop, shop, shop, ebering_ghost_rock_garden
D:10:     layout_big_octagon, grunt_decor_clamped, grunt_ministairs_11,
          nicolae_custom_books
D:11:     layout_basic, lair_entry_dummy, serial_rivers,
          chequers_serial_rivers_large_a, chequers_serial_rivers_small_a,
          chequers_serial_rivers_room_b, chequers_serial_rivers_micro_b,
          chequers_serial_rivers_micro_e, chequers_serial_rivers_room_b
D:12:     layout_irregular_city, enter_trove_3
D:13:     layout_layer_cave, uniq_kirke
Temple:   eino_narrow_crystal_temple
Lair:1:   layout_gridlike, lemuel_fruit_fields, grunt_megastairs_1,
          lemuel_fruit_fields
Lair:2:   layout_misc_corridors
Lair:3:   layout_cave_pods, skrybe_swamp_entry_bodies,
          nicolae_spider_entry_tight_spaces, serial_bayou_shore_b,
          lemuel_fruit_fields, grunt_megastairs_3, uniq_gastronok
Lair:4:   layout_misc_corridors, uniq_sonja, uniq_urug
Lair:5:   evilmike_catoblepas_cave, layout_big_grid,
          nicolae_slime_entry_slimehenge, st_stairs_10, serial_bayou_lagoon_b
Orc:1:    layout_caves, serial_shops, shop, shop, shop, bloody_makhleb
Orc:2:    pf_orc_diabolical, layout_caves, serial_shops, nicolae_shop_stone,
          mines1_david

Skill      XL: |  1  2  3  4  5  6  7  8  9 10 11 12 13 14 15 |
---------------+----------------------------------------------+-----
Axes           | 3 4 5 6 7 8 10 11 13 14 15 16 17 | 17.9
Invocations    | 4 6 8 9 10 12 | 12.0
Evocations     | 5 9 12 14 15 | 15.6
Fighting       | 7 8 |  8.6
Armour         | |  2.6
Shields        | |  2.1

Action                     |  1- 3 |  4- 6 |  7- 9 | 10-12 | 13-15 || total
---------------------------+-------+-------+-------+-------+-------++-------
  Melee: War axe           |    62 |    99 |   335 |   815 |   871 ||  2182
         Hand axe          |    35 |     8 |       |       |       ||    43
         Broad axe         |       |       |       |       |   269 ||   269
  Throw: Dart              |       |       |       |       |     5 ||     5
 Invoke: Heroism           |       |       |     3 |    15 |    14 ||    32
         Finesse           |       |       |       |       |     4 ||     4
         Receive Weapon    |       |       |       |       |     1 ||     1
         Receive Armour    |       |       |       |       |     1 ||     1
Ability: Invent Gizmo      |       |       |       |       |     1 ||     1
  Evoke: Wand              |       |       |       |     6 |     8 ||    14
    Use: Scroll            |     3 |     1 |     9 |     7 |    14 ||    34
         Potion            |       |       |     2 |     2 |     1 ||     5
   Stab: Distracted        |       |       |       |     1 |       ||     1
 Armour: Scale mail        |    30 |       |       |       |       ||    30
         Leather armour    |    13 |    60 |   186 |   348 |       ||   607
         Plate armour      |       |       |       |    51 |   638 ||   689
  Dodge: Dodged            |    25 |    33 |   128 |   209 |   213 ||   608
         Repelled          |       |       |       |       |    14 ||    14
  Block: Buckler           |     8 |       |       |       |       ||     8

Table legend: (Time is in decaauts)
 A = Elapsed time spent in this place.
 B = Non-inter-level travel time spent in this place.
 C = Inter-level travel time spent in this place.
 D = Time resting spent in this place.
 E = Time spent auto-exploring this place.
 F = Levels seen in this place.
 G = Mean time per level.
                   A        B        C        D        E       F      G
               +--------+--------+--------+--------+--------+-----+--------+
         Total |  22553 |  21265 |   1288 |   4561 |  13696 |  21 | 1074.0 |
       Dungeon |  13655 |  12740 |    915 |   2063 |   9030 |  13 | 1050.4 |
        Temple |     12 |      7 |      5 |      0 |      0 |   1 |   12.0 |
          Lair |   8062 |   7703 |    359 |   2305 |   4190 |   5 | 1612.4 |
  Orcish Mines |    823 |    815 |      8 |    192 |    476 |   2 |  411.5 |
               +--------+--------+--------+--------+--------+-----+--------+

Top non-repeatable levels by time:
    D:11: 2261 daAuts
  Lair:3: 1923 daAuts
  Lair:4: 1700 daAuts
  Lair:2: 1695 daAuts
  Lair:5: 1582 daAuts
     D:5: 1393 daAuts
    D:10: 1343 daAuts
     D:1: 1206 daAuts
  Lair:1: 1160 daAuts
    D:13: 1062 daAuts
     D:3: 1016 daAuts
    D:12: 1005 daAuts
     D:8: 845 daAuts
     D:7: 842 daAuts
     D:6: 774 daAuts
